 Dungeon Crawl Stone Soup version 0.31.0-11-ge490571c62 (webtiles) character file.

Game seed: 14764480972207116275

154 qw the Skirmisher (level 5, -3/29 HPs)
             Began as a Deep Elf Hunter on Feb 4, 2024.
             Was an Initiate of Okawaru.
             Incinerated by a bombardier beetle (5 damage)
             ... with a burning spray
             ... on level 4 of the Dungeon.
             The game lasted 00:00:55 (2619 turns).

qw the Skirmisher (Deep Elf Hunter)                 Turns: 2619, Time: 00:00:56

Health: -3/29      AC:  5    Str: 10    XL:     5   Next: 13%
Magic:  7/7        EV: 11    Int: 14    God:    Okawaru [......]
Gold:   289        SH:  0    Dex: 18    Spells: 4/4 levels left

rFire   . . .        a - +2 shortbow (heavy)
rCold   . . .        (shield currently unavailable)
rNeg    . . .        d - +0 ring mail
rPois   .            (no helmet)
rElec   .            (no cloak)
rCorr   .            (no gloves)
SInv    .            (no boots)
Will    .....        (no amulet)
Stlth   +            (no ring)
HPRegen 0.24/turn    (no ring)
MPRegen 0.10/turn

%: no passive effects
@: on fire, glowing
A: no striking features
a: Renounce Religion


You were on level 4 of the Dungeon.
You worshipped Okawaru.
Okawaru was noncommittal.
You visited 1 branch of the dungeon, and saw 4 of its levels.

You collected 289 gold pieces.


   Skills:
 - Level 1.5 Fighting
 + Level 8.5 Ranged Weapons
 - Level 2.4 Dodging
 - Level 1.2 Stealth


You had 4 spell levels left.
You didn't know any spells.
Your spell library was empty.

Inventory:

Hand Weapons
 a - a +2 heavy shortbow (weapon)
Armour
 d - a +0 ring mail (worn)
Jewellery
 b - an amulet of regeneration
Wands
 e - a wand of paralysis (9)
Scrolls
 f - a scroll of brand weapon
Potions
 c - a potion of cancellation
 h - a potion of curing

Dungeon Overview and Level Annotations

Branches:
Dungeon (4/15)
 Temple: D:4-7

Altars:
Cheibriados
Elyvilon
Okawaru
Ru
Uskayaw

Shops:
D:1 (

Annotations:
D:3 1 runed translucent door


Message History

There is a stone staircase leading down here.
You climb downwards.
You hear the hiss of flowing sand.
There is an entrance to an ossuary on this level.
Hurry and find it before the portal is buried!
Found a runed amethyst amulet.
There is a stone staircase leading up here.
An adder is nearby!
Waypoint 3 assigned to D:4.
2579 ||| PLANNING OSSUARY You shoot an arrow.
The arrow hits the adder!
The adder hisses angrily.
The adder is almost dead.
You shoot an arrow. The arrow hits the adder.
You kill the adder!
Okawaru accepts your kill.
b - an amulet of regeneration A bombardier beetle comes into view.
You shoot an arrow. The arrow hits the bombardier beetle!
The bombardier beetle is heavily wounded.
The bombardier beetle sprays incendiary fluid at you.
The burning spray hits you.
You are covered in liquid fire!
You shoot an arrow. The arrow hits the bombardier beetle!
You kill the bombardier beetle!
Okawaru accepts your kill. The liquid fire burns you!
You have reached level 5!
You are on fire!
The liquid fire burns you!
You are on fire!
The liquid fire burns you!
You are on fire!
The liquid fire burns you!
You are on fire!
The liquid fire burns you!
You are on fire!
The liquid fire burns you!
You are on fire!
The liquid fire burns you!
You die...

.###.# ##.....##
........ #... ..# #...
..# #..# #.# #..###.#
... #.....@# #.#
#..###.# #.# #......#
#.######.# ##.#####
##.##.<..%. #.#
##...#.###.#
#.#########..........#
#.##.....###...#.#####
#.##.....####.##.#
#................#


There were no monsters in sight!

Vanquished Creatures
  A bombardier beetle (D:4)
  3 adders
  A dart slug (D:3)
  12 orcs (D:3)
  6 ball pythons
  4 endoplasms
  4 giant cockroaches
  2 goblins
  5 hobgoblins
  7 jackals
  4 quokkas
  6 bats
  2 frilled lizards (D:1)
  12 kobolds
  5 rats
74 creatures vanquished.

Notes
Turn   | Place    | Note
-------+----------+-------------------------------------------
     0 | D:1      | qw the Deep Elf Hunter began the quest for the Orb.
     0 | D:1      | Reached XP level 1. HP: 12/12 MP: 3/3
     0 | D:1      | 0 ||| qw: Version: 0.3-a-160-g6735b56
     0 | D:1      | 0 ||| qw: Game counter: 6085
     0 | D:1      | 0 ||| qw: Melee chars always use a shield: true
     0 | D:1      | 0 ||| qw: God list: Okawaru
     0 | D:1      | 0 ||| qw: Allow faded altars: false
     0 | D:1      | 0 ||| qw: Do Orc after clearing Dungeon:15 true
     0 | D:1      | 0 ||| qw: Do second Lair branch before Depths: true
     0 | D:1      | 0 ||| qw: Lair rune preference: random
     0 | D:1      | 0 ||| qw: Goals: Normal
     0 | D:1      | 0 ||| PLANNING D:1-11
   148 | D:1      | Reached XP level 2. HP: 16/16 MP: 4/4
   149 | D:1      | Reached skill level 6 in Ranged Weapons
   307 | D:1      | Found Recwint's Weapon Shop.
   941 | D:1      | 941 ||| UPGRADING to +0 ring mail.
   951 | D:1      | 951 ||| DROPPING +0 leather armour.
   952 | D:1      | 952 ||| READING scroll labelled BOUDIM ROPIWI.
   981 | D:1      | 981 ||| READING 2 scrolls labelled TESEIN SOMUI.
   986 | D:1      | 986 ||| DROPPING scroll of butterflies.
  1036 | D:2      | 1036 ||| FLEEEEING.
  1037 | D:2      | 1037 ||| FLEEEEING.
  1038 | D:2      | 1038 ||| FLEEEEING.
  1039 | D:2      | 1039 ||| FLEEEEING.
  1042 | D:2      | Reached XP level 3. HP: 19/20 MP: 5/5
  1067 | D:2      | Found a faded altar of an unknown god.
  1095 | D:2      | Identified the +7 spear "Acempea Oxae" {antimagic, rF+
                  | Str+3}
  1320 | D:2      | Reached skill level 7 in Ranged Weapons
  1447 | D:2      | 1447 ||| READING 2 scrolls labelled WOPOINNETI.
  1448 | D:2      | 1448 ||| READING scroll labelled KOFREH PUKO.
  1449 | D:2      | 1449 ||| READING scroll labelled VULOWAN CUKK.
  1449 | D:2      | 1449 ||| BRANDING +0 shortbow.
  1450 | D:2      | 1450 ||| DROPPING scroll of fog.
  1497 | D:3      | Found a sacrificial altar of Ru.
  1507 | D:3      | HP: 5/20 [poisoned by an adder]
  1594 | D:3      | Reached XP level 4. HP: 25/25 MP: 6/6
  1654 | D:3      | Found an iron altar of Okawaru.
  1655 | D:3      | 1655 ||| PLANNING OKAWARU WORSHIP
  1656 | D:3      | Found a runed translucent door.
  1661 | D:3      | Noticed a gnoll sergeant
  1662 | D:3      | Noticed an ogre
  1662 | D:3      | Found the +0 toga "Victory" {*Victory Clar}
  1663 | D:3      | Noticed a centaur
  1664 | D:3      | Became a worshipper of Warmaster Okawaru
  1665 | D:3      | 1665 ||| PLANNING D:1-11
  1684 | D:3      | Found a snail-covered altar of Cheibriados.
  1887 | D:3      | Found a white marble altar of Elyvilon.
  1952 | D:3      | HP: 3/25 [orc/+0 war axe (7)]
  1953 | D:3      | 1953 ||| READING scroll of teleportation.
  2225 | D:3      | Reached skill level 8 in Ranged Weapons
  2300 | D:3      | Found a hide-covered altar of Uskayaw.
  2448 | D:3      | 2448 ||| READING scroll labelled YLITOM VAPS.
  2449 | D:3      | 2449 ||| READING 2 scrolls labelled IRAPLETEOFI.
  2449 | D:3      | 2449 ||| ENCHANTING +0 heavy shortbow.
  2450 | D:3      | 2450 ||| READING scroll of enchant weapon.
  2450 | D:3      | 2450 ||| ENCHANTING +1 heavy shortbow.
  2451 | D:3      | 2451 ||| READING scroll labelled SUECYX NIYWERE.
  2552 | D:3      | 2552 ||| READING 2 scrolls labelled PICEOR GUKASUOC.
  2552 | D:3      | 2552 ||| IDENTIFYING coppery potion
  2553 | D:3      | 2553 ||| READING scroll of identify.
  2553 | D:3      | 2553 ||| IDENTIFYING orange potion
  2579 | D:4      | 2579 ||| PLANNING OSSUARY
  2614 | D:4      | Reached XP level 5. HP: 17/29 MP: 7/7
  2617 | D:4      | HP: 4/29 [burnt (4)]
  2618 | D:4      | HP: 1/29 [burnt (3)]
  2619 | D:4      | Incinerated by a bombardier beetle

Levels and vault maps discovered:
D:1:      heliophobic_arrival_henge, layout_basic, serial_shops, shop,
          chequers_serial_rivers_large_a
D:2:      layout_rooms, ebering_ecumenical_altar_box
D:3:      layout_loops_ring, mainiacjoe_overflow_cross_hatched,
          hangedman_ru_absence, nicolae_uskayaw_dance_hall, elyvilon_altar_1,
          nicolae_overflow_guarded_unrand_okawaru_victory,
          minmay_misc_feat_square
D:4:      layout_loops_corners, zin_statuary, minmay_temple_entry_overgrown,
          nicolae_ossuary_entry_monument

Skill      XL: |  1  2  3  4 |
---------------+-------------+-----
Ranged Weapons | 6 7 8 |  8.5
Fighting       | |  1.5
Dodging        | |  2.4
Stealth        | |  1.2

Action                     |  1- 3 |  4- 6 || total
---------------------------+-------+-------++-------
   Fire: Shortbow          |   123 |    44 ||   167
    Use: Scroll            |     5 |     7 ||    12
 Armour: Leather armour    |    12 |       ||    12
         Ring mail         |    14 |     9 ||    23
  Dodge: Dodged            |    33 |    13 ||    46

Table legend:
 A = Non-vault XP
 B = Vault XP
 C = Vault XP percentage of total XP
 D = Non-vault monster count
 E = Vault monster count
 F = Vault count percentage of total count
                 A         B        C        D         E       F
            +---------+---------+-------+---------+---------+-------
      Total |     220 |       0 |   0.0 |      74 |       0 |   0.0
            +---------+---------+-------+---------+---------+-------
        D:1 |      39 |       0 |   0.0 |      26 |       0 |   0.0
        D:2 |      37 |       0 |   0.0 |      21 |       0 |   0.0
        D:3 |      83 |       0 |   0.0 |      25 |       0 |   0.0
        D:4 |      61 |       0 |   0.0 |       2 |       0 |   0.0
            +---------+---------+-------+---------+---------+-------
